 Dungeon Crawl Stone Soup version 0.18.1-50-g88ac8fd (webtiles) character file.

833 DaminKnight the Archer (level 7, -6/33 HPs)
             Began as a Spriggan Hunter on Oct 12, 2016.
             Mangled by an orc warrior
             ... wielding a +0 scimitar
              (8 damage)
             ... on level 6 of the Dungeon.
             The game lasted 00:55:06 (8011 turns).

DaminKnight the Archer (Spriggan Hunter)            Turns: 8011, Time: 00:55:06

Health: -6/33      AC:  3    Str:  8    XL:     7   Next: 66%
Magic:  8/8        EV: 20    Int: 12    God:
Gold:   221        SH:  0    Dex: 19    Spells: 0 memorised, 6 levels left

rFire  . . .     SeeInvis +     b - +0 short sword
rCold  . . .     Gourm    .     d - +0 animal skin
rNeg   . . .     Faith    .     (shield restricted)
rPois  .         Spirit   .     (helmet restricted)
rElec  .         Dismiss  .     B - +0 cloak
rCorr  .         Reflect  .     (gloves unavailable)
SustAt +         Harm     .     (boots unavailable)
MR     +....                    x - amulet of rage
Stlth  +++++.....               H - ring of stealth
                                C - ring of sustain attributes

@: very quick, somewhat resistant to hostile enchantments, quite stealthy
A: unfitting armour, see invisible, herbivore 3, speed 3, slow metabolism 2
a: Evoke Berserk Rage


You were on level 6 of the Dungeon.
You were not hungry.

You visited 1 branch of the dungeon, and saw 6 of its levels.

You collected 270 gold pieces.
You spent 49 gold pieces at shops.

Inventory:

Hand Weapons
 a - a +3 shortbow
 b - a +0 short sword (weapon)
Armour
 d - a +0 animal skin (worn)
 B - a +0 cloak (worn)
Jewellery
 x - an amulet of rage (around neck)
 C - a ring of sustain attributes (left hand)
 H - a ring of stealth (right hand)
Wands
 c - a wand of digging (13/24)
Scrolls
 j - 2 scrolls of amnesia
 k - 2 scrolls of remove curse
 o - a scroll of fog {unknown}
 q - a scroll of noise {unknown}
 u - a scroll of teleportation {unknown}
 v - a scroll of recharging {unknown}
 w - a scroll of blinking {unknown}
 z - a scroll of random uselessness {unknown}
 F - a scroll of enchant armour {unknown}
Potions
 e - 2 potions of brilliance
 h - a potion of resistance
 i - a potion of might {unknown}
 l - a potion of heal wounds {unknown}
 m - 3 potions of curing
 n - a potion of haste {unknown}
 p - a potion of cure mutation {unknown}
 s - a potion of magic {unknown}
 t - a potion of agility {unknown}
 G - a potion of degeneration {unknown}
Books
 E - a book of Callings

   Spells                             Type                      Level
   a - Summon Small Mammal            Summoning                    1
   b - Call Imp                       Summoning                    2
   c - Call Canine Familiar           Summoning                    3
   d - Summon Guardian Golem          Hexes/Summoning              3
   e - Summon Lightning Spire         Summoning/Air                4
   f - Summon Ice Beast               Ice/Summoning                4
Comestibles
 f - 3 bread rations
 r - a fruit
 A - a slice of pizza


   Skills:
 - Level 1.6 Fighting
 + Level 9.9 Bows
 + Level 4.5 Dodging
 * Level 6.2 Stealth
 - Level 0.3 Evocations


You had 6 spell levels left.
You didn't know any spells.

Dungeon Overview and Level Annotations

Branches:
Dungeon (6/15)
 Temple: D:4-7

Altars:
Ashenzari
Sif Muna
Yredelemnul

Shops:
D:4 *


Innate Abilities, Weirdness & Mutations

You are tiny and cannot use many weapons and most armour.
You have supernaturally acute eyesight.
You are a herbivore.
You cover ground extremely quickly.
You need consume almost no food.


Message History

You resist with significant effort.
Wield which item (- for none, * to show all)? (? for menu, Esc to quit)
b - a +0 short sword (weapon)
The orc warrior hits you with a scimitar!!
Ouch! That really hurt!
You hit the orc warrior but do no damage.
The orc priest misses you. The orc warrior closely misses you.
The orc priest casts a cantrip, but nothing happens.
You fail to use your ability.
The orc warrior misses you.
You hit the orc warrior but do no damage.
The orc priest mumbles some strange prayers to Beogh against you.
Pain shoots through your body!
* * * LOW HITPOINT WARNING * * *
The orc warrior closely misses you.
You hit the orc warrior.
The orc warrior is lightly wounded.
The orc priest barely misses you.
The orc warrior hits you with a scimitar!
You die...

#..###..# .....#########
######..##+#............
#..........#............
#......(...#............
#...#####+##............
#...##..................
#^...#................).
#....#.....%########+###
#....+.@....#
#....#.oo...#
#>...#......#
#....+......#
#....#......#
#....#......#####
###+##...(.......
.................
......(..........


You could see an orc warrior and an orc priest.

Vanquished Creatures
  2 phantoms (D:4)
  An ogre (D:5)
  A crimson imp (D:5)
  A hound (D:4)
  A jelly (D:6)
  4 orc priests
  2 orc wizards
  Jessica (D:3)
  An iguana (D:4)
  2 worker ants
  A hound skeleton (D:4)
  Robin (D:3)
  10 adders
  4 worms
  A dart slug (D:1)
  2 giant geckos
  5 orcs
  6 giant cockroaches
  13 goblins
  12 hobgoblins
  8 jackals
  A quokka (D:4)
  5 bats
  2 giant gecko skeletons (D:5)
  6 kobolds
  5 rats
98 creatures vanquished.

Notes
Turn   | Place    | Note
--------------------------------------------------------------
     0 | D:1      | DaminKnight the Spriggan Hunter began the quest for the Orb.
     0 | D:1      | Reached XP level 1. HP: 10/10 MP: 2/2
   162 | D:1      | Reached skill level 5 in Bows
   291 | D:1      | Reached XP level 2. HP: 14/14 MP: 3/3
  1550 | D:2      | Reached XP level 3. HP: 18/18 MP: 4/4
  1966 | D:2      | Reached skill level 6 in Bows
  2211 | D:2      | Found a shattered altar of Ashenzari.
  2414 | D:2      | Reached XP level 4. HP: 16/22 MP: 5/5
  2721 | D:3      | Noticed Jessica
  2727 | D:3      | Killed Jessica
  2789 | D:3      | Found a faded altar to an unknown god.
  3271 | D:3      | Found a deep blue altar of Sif Muna.
  3547 | D:3      | Noticed Robin
  3551 | D:3      | Reached XP level 5. HP: 25/25 MP: 6/6
  3560 | D:3      | Reached skill level 7 in Bows
  3579 | D:3      | Killed Robin
  4300 | D:4      | Noticed a phantom
  4333 | D:4      | Killed a phantom
  4333 | D:4      | Reached XP level 6. HP: 16/30 MP: 7/7
  4719 | D:4      | Reached skill level 8 in Bows
  5006 | D:4      | Found Ovatisch's General Store.
  5030 | D:4      | Bought a +0 cloak for 49 gold pieces
  5466 | D:4      | Reached skill level 9 in Bows
  5772 | D:4      | Reached skill level 5 in Stealth
  5772 | D:4      | Reached XP level 7. HP: 33/33 MP: 8/8
  6124 | D:5      | Entered Level 5 of the Dungeon
  7483 | D:5      | Found a shattered altar of Ashenzari.
  7483 | D:5      | Found a basalt altar of Yredelemnul.
  8010 | D:6      | HP: 1/33 [orc priest/nerve-wracking pain (14)]
  8011 | D:6      | Mangled by an orc warrior

Skill      XL: |  1  2  3  4  5  6  7 |
---------------+----------------------+-----
Bows           | 5 6 7 9 |  9.9
Stealth        | 2 3 4 5 6 |  6.2
Dodging        | 4 |  4.5
Fighting       | |  1.6
Evocations     | |  0.3

Action                   |  1- 3 |  4- 6 |  7- 9 || total
-------------------------+-------+-------+-------++-------
Melee: Short sword       |     3 |    16 |    39 ||    58
 Fire: Shortbow          |    90 |   151 |    66 ||   307
 Abil: Evoke Berserk Rag |       |     1 |     1 ||     2
  Use: Scroll            |       |     6 |     2 ||     8
  Eat: Fruit             |       |     2 |     2 ||     4
Armor: Robe              |     2 |     1 |       ||     3
       Animal skin       |       |     2 |     1 ||     3
Dodge: Dodged            |    38 |    27 |    39 ||   104
